 Dungeon Crawl Stone Soup version 0.27-a0-941-g386ccf399c (webtiles) character file.

Game seed: 15474054825115906503

497 Morbidden the Magician (level 7, -5/47 HPs)
             Began as a Djinni Conjurer on Apr 11, 2021.
             Was a Follower of Cheibriados.
             Slain by an orc warrior
             ... wielding a +0 mace
              (13 damage)
             ... on level 5 of the Dungeon.
             The game lasted 00:07:18 (6302 turns).

Morbidden the Magician (Djinni Conjurer)            Turns: 6302, Time: 00:07:19

Health: -5/47      AC:  2    Str: 10    XL:     7   Next: 15%
Gold:   267        EV: 13    Int: 28    God:    Cheibriados [*.....] SH:  0 Dex: 19

rFire    + + .     SeeInvis .   f - staff of air
rCold    x . .     Faith    .   (no shield)
rNeg     . . .     Spirit   .   a - +0 robe
rPois    ∞         Reflect  .   (no helmet)
rElec    +         Harm     .   (no cloak)
rCorr    .         Rampage  .   (no gloves)
Will     .....                  (boots unavailable)
Stlth    ++........             (no amulet)
HPRegen  0.15/turn              s - +6 ring of intelligence
MPRegen  0.00/turn              t - +6 ring of dexterity

@: flying, very slow
A: fire resistance 2, cold vulnerability 1, float, innate caster, hp casting,
extra vitality 1
a: Renounce Religion, Bend Time


You were on level 5 of the Dungeon.
You worshipped Cheibriados.
Cheibriados was aware of your devotion.
You visited 1 branch of the dungeon, and saw 5 of its levels.

You collected 267 gold pieces.

Inventory:

Armour
 a - a +0 robe (worn)
Magical Staves
 f - a staff of air (weapon)
Jewellery
 s - a +6 ring of intelligence (left hand)
 t - a +6 ring of dexterity (right hand)
 u - a ring of see invisible
Scrolls
 b - a scroll of fear {unknown}
 c - a scroll of vulnerability {unknown}
 d - 2 scrolls of enchant weapon {unknown}
 e - a scroll of fog {unknown}
 h - a scroll of holy word {unknown}
 j - 2 scrolls of enchant armour {unknown}
 k - 2 scrolls of identify {unknown}
 m - a scroll of amnesia {unknown}
 n - 2 scrolls of teleportation
Potions
 g - a potion of cancellation
 i - a potion of invisibility {unknown}
 l - 4 potions of curing {unknown}
 o - a potion of degeneration {unknown}
 p - a potion of lignification {unknown}
 q - a potion of might {unknown}
 r - 2 potions of heal wounds {unknown}


   Skills:
 * Level 1.5 Fighting
 + Level 0.2 Short Blades
 + Level 2.4 Dodging
 + Level 2.4 Stealth
 * Level 6.5 Spellcasting
 * Level 1.1 Invocations


You couldn't memorise any spells.
You knew the following spells:

 Your Spells              Type           Power      Damage    Failure   Level
a - Magic Dart            Conj           100%       1d8       1%          1
b - Searing Ray           Conj           90%        3d6       1%          2
c - Dazzling Flash        Conj/Hex       90%        N/A       1%          3
d - Fulminant Prism       Conj/Hex       22%        3d13      4%          4
e - Iskenderun's Mystic   Conj/Tloc      45%        2d10      4%          4
f - Sting                 Tmut/Pois      100%       1d8       1%          1
g - Ensorcelled Hibernat  Hex/Ice        90%        N/A       1%          2
h - Wereblood             Tmut           45%        N/A       1%          2
Your spell library was empty.

Dungeon Overview and Level Annotations

Branches:
Dungeon (5/15)
 Temple: D:4-7

Altars:
Cheibriados
Qazlal


Innate Abilities, Weirdness & Mutations

You are immune to poison.
Your flesh is very heat resistant. (rF++)
You are vulnerable to cold. (rC-)
You float through the air rather than walking.
You learn spells naturally, not from books.
Your magical power is your life essence.
You have superior vitality. (+4 HP)


Message History

Confirm with . or Enter, or press ? or * to list all spells.
Aiming: Searing Ray (safe; 1% risk of failure)
Press: ? - help, Shift-Dir - straight line, f/p - orc wizard
Aim: an orc wizard, wielding a +0 dagger and wearing a +0 robe (moderately wounded, 23% to evade)
The searing ray hits the orc wizard!
You kill the orc wizard!
Cheibriados thoroughly appreciates the change of pace. (Press . to maintain the ray.) Unknown command.
Casting: Searing Ray (safe; 1% risk of failure)
Confirm with . or Enter, or press ? or * to list all spells.
Aiming: Ensorcelled Hibernation (safe; 1% risk of failure)
Press: ? - help, Shift-Dir - straight line, f - orc warrior
Aim: an orc warrior, wielding a +0 mace and wearing a +0 chain mail (lightly wounded, chance to affect: 70%)
The orc warrior struggles to resist.
Found 6 gold pieces.
Casting: Ensorcelled Hibernation (safe; 1% risk of failure)
Confirm with . or Enter, or press ? or * to list all spells.
Aiming: Ensorcelled Hibernation (safe; 1% risk of failure)
Press: ? - help, Shift-Dir - straight line, f/p - orc warrior
Aim: an orc warrior, wielding a +0 mace and wearing a +0 chain mail (lightly wounded, chance to affect: 70%)
Okay, then.
Unknown command.
Casting: Ensorcelled Hibernation (safe; 1% risk of failure)
Confirm with . or Enter, or press ? or * to list all spells.
Aiming: Ensorcelled Hibernation (safe; 1% risk of failure)
Press: ? - help, Shift-Dir - straight line, f/p - orc warrior
Aim: an orc warrior, wielding a +0 mace and wearing a +0 chain mail (lightly wounded, chance to affect: 70%)
The orc warrior struggles to resist.
Unknown command.
The orc warrior hits you with a +0 mace.
The orc warrior hits you with a +0 mace!
* * * LOW HITPOINT WARNING * * *
Unknown command.
Unknown command.
Unknown command.
Okay, then.
It was a potion of cancellation.
You feel magically purged.
The orc warrior hits you with a +0 mace!
You die...

......#......#.....#.##
..................)...
.....#.....<.......
..........##.##....
.......#..# #......
......###.## #..##
..#...# #..###...#
).....# #...##...#
.....####.#....o@#
#.o.###...#......##
#...#....#.......#
###.)......../...$.#
#...........#..$.###
##.....###.#######
##...## ### ##.# ##


You could see an orc warrior.

Vanquished Creatures
  An ice beast (D:5)
  A bullfrog skeleton (D:5)
  An orc priest (D:5)
  A hound (D:5)
  A scorpion zombie (D:5)
  An iguana (D:5)
  4 orc wizards (D:5)
  A hound skeleton (D:2)
  6 adders
  An adder zombie (D:4)
  2 worms
  8 orcs
  7 ball pythons
  7 endoplasms
  3 giant cockroaches (D:1)
  5 goblins
  10 hobgoblins
  3 jackals (D:1)
  4 quokkas
  3 bats
  4 frilled lizards
  8 kobolds
  8 rats
90 creatures vanquished.

Vanquished Creatures (others)
  4 plants (D:5)
4 creatures vanquished.

Grand Total: 94 creatures vanquished

Notes
Turn   | Place    | Note
-------+----------+-------------------------------------------
     0 | D:1      | Morbidden the Djinni Conjurer began the quest for the Orb.
     0 | D:1      | Reached XP level 1. HP: 15/15 MP: 0/0
   309 | D:1      | Reached XP level 2. HP: 20/21 MP: 0/0
   331 | D:1      | Reached skill level 4 in Spellcasting
   704 | D:1      | Reached XP level 3. HP: 17/25 MP: 0/0
   704 | D:1      | Learned a level 1 spell: Sting
  1472 | D:1      | Found a faded altar of an unknown god.
  1772 | D:2      | Reached XP level 4. HP: 19/31 MP: 0/0
  4085 | D:3      | Found a snail-covered altar of Cheibriados.
  4085 | D:3      | Found a stormy altar of Qazlal.
  4127 | D:3      | Became a worshipper of Cheibriados the Contemplative
  4463 | D:4      | Reached skill level 5 in Spellcasting
  4732 | D:4      | Reached XP level 5. HP: 33/36 MP: 0/0
  4732 | D:4      | Learned a level 2 spell: Ensorcelled Hibernation
  5209 | D:5      | Entered Level 5 of the Dungeon
  5438 | D:5      | Reached skill level 1 in Fighting
  5529 | D:5      | Reached XP level 6. HP: 37/42 MP: 0/0
  5663 | D:5      | Noticed an ice beast
  5667 | D:5      | Killed an ice beast
  5668 | D:5      | Reached skill level 1 in Invocations
  5769 | D:5      | Reached * piety under Cheibriados
  5770 | D:5      | Reached skill level 6 in Spellcasting
  6135 | D:5      | Reached XP level 7. HP: 35/47 MP: 0/0
  6135 | D:5      | Learned a level 2 spell: Wereblood
  6302 | D:5      | Slain by an orc warrior

Illustrated notes

Levels and vault maps discovered:
D:1:      dpeg_arrival_renting, layout_loops_ring,
          shapermc_ecumenical_altar_mp_ritualfount, minmay_small_reverse_x
D:2:      layout_basic, minmay_pentomino_o4
D:3:      layout_loops_ring, gammafunk_temple_overflow_elements,
          serial_aquarium, aquarium_bridge_square [aquarium_subvault_bridge,
          aquarium_subvault_bridge, aquarium_subvault_bridge,
          aquarium_subvault_window], aquarium_window_1, aquarium_window_fake,
          aquarium_window_fake, aquarium_view_2a, aquarium_balcony_3a
D:4:      layout_basic, st_stairs_8, hangedman_abyss_or_decor_lesser_grid,
          minmay_door_square, dk_vineyard_2, kennysheep_nub, skrybe_limestone_x
D:5:      layout_cave_pools, serial_bayou_lake_a

Skill      XL: |  1  2  3  4  5  6 |
---------------+-------------------+-----
Spellcasting   | 4 5 6 |  6.5
Stealth        | 2 |  2.4
Fighting       | 1 |  1.5
Invocations    | 1 |  1.1
Short Blades   | |  0.2
Dodging        | |  2.4

Action                   |  1- 3 |  4- 6 |  7- 9 || total
-------------------------+-------+-------+-------++-------
Melee: Dagger            |       |     9 |       ||     9
 Cast: Magic Dart        |    74 |   103 |     1 ||   178
       Searing Ray       |     4 |    12 |     3 ||    19
       Iskenderun's Myst |       |     2 |       ||     2
       Ensorcelled Hiber |       |       |     3 ||     3
  Use: Scroll            |       |     1 |     1 ||     2
       Potion            |       |       |     1 ||     1
 Stab: Sleeping          |       |     1 |       ||     1
Armor: Robe              |     1 |     3 |       ||     4
Dodge: Dodged            |    13 |    10 |       ||    23

Table legend: (Time is in decaauts)
 A = Elapsed time spent in this place.
 B = Non-inter-level travel time spent in this place.
 C = Inter-level travel time spent in this place.
 D = Time resting spent in this place.
 E = Time spent auto-exploring this place.
 F = Levels seen in this place.
 G = Mean time per level.
                   A        B        C        D        E       F      G
               +--------+--------+--------+--------+--------+-----+--------+
         Total |   6628 |   6404 |    224 |    573 |   5400 |   5 | 1325.6 |
       Dungeon |   6628 |   6404 |    224 |    573 |   5400 |   5 | 1325.6 |
               +--------+--------+--------+--------+--------+-----+--------+

Top non-repeatable levels by time:
     D:1: 1727 daAuts
     D:2: 1667 daAuts
     D:5: 1155 daAuts
     D:4: 1059 daAuts
     D:3: 1018 daAuts
